| TOP OF THE 1ST |
|
New York Yankees batting - Pitching for Boston Red Sox : RHP Jeremy Hernandez
|
|
Pitching: RHP Jeremy Hernandez
|
|
|
Batting: RHB Russ Shambaugh
|
0-0: Ball 1-0: Swinging Strike 1-1: Foul Ball, location: 2F 1-2: Fly out, F7 (Flyball, 7LSF, EV 71.2 MPH)
|
|
Batting: RHB Henri Cederberg
|
0-0: DOUBLE (Line Drive, 7LD, EV 113.8 MPH)
|
|
Batting: LHB Jim Skare
|
0-0: Called Strike 0-1: Foul Ball, location: 2F 0-2: Ball 1-2: Foul Ball, location: 2F 1-2: Strikes out looking
|
|
Batting: RHB Adriaan Pieters
|
0-0: Called Strike 0-1: Ball 1-1: Called Strike 1-2: Ball 2-2: Strikes out swinging
|
| Top of the 1st over - 0 runs, 1 hit, 0 errors, 1 left on base; New York 0 - Boston 0 |
| BOTTOM OF THE 1ST |
|
Boston Red Sox batting - Pitching for New York Yankees : RHP Andres Galindo
|
|
Pitching: RHP Andres Galindo
|
|
|
Batting: RHB Alois Wollf
|
0-0: Ball 1-0: Ball 2-0: Called Strike 2-1: Ball 3-1: Foul Ball, location: 2F 3-2: Base on Balls
|
|
Batting: LHB Shoichi Aso
|
0-0: Foul Ball, location: 2F 0-1: Ball 1-1: Ball Alois Wollf steals 2nd base 2-1: Foul Ball, location: 2F 2-2: Foul Ball, location: 2F 2-2: Ball 3-2: Base on Balls
|
|
Batting: LHB Kevin McCormic Jr.
|
0-0: Called Strike 0-1: Ball 1-1: Called Strike 1-2: Strikes out swinging
|
|
Batting: RHB David Price Jr.
|
0-0: Foul Ball, location: 2F 0-1: Ball 1-1: Called Strike 1-2: Ball 2-2: Grounds into double play, 6-4-3 (Groundball, 6, EV 82.5 MPH)
|
| Bottom of the 1st over - 0 runs, 0 hits, 0 errors, 1 left on base; New York 0 - Boston 0 |
| TOP OF THE 2ND |
|
New York Yankees batting - Pitching for Boston Red Sox : RHP Jeremy Hernandez
|
|
Batting: RHB Shiro Suehiro
|
0-0: Ball 1-0: Foul Ball, location: 2F 1-1: Swinging Strike 1-2: Ball 2-2: Strikes out looking
|
|
Batting: LHB Joel Vera
|
0-0: Ball 1-0: Ball 2-0: Called Strike 2-1: Fly out, F8 (Flyball, 8LM, EV 85.6 MPH)
|
|
Batting: RHB Geni Prawiranega
|
0-0: Fly out, F9 (Flyball, 89M, EV 89.4 MPH)
|
| Top of the 2nd over - 0 runs, 0 hits, 0 errors, 0 left on base; New York 0 - Boston 0 |
| BOTTOM OF THE 2ND |
|
Boston Red Sox batting - Pitching for New York Yankees : RHP Andres Galindo
|
|
Batting: LHB Jarrett Mordecai
|
0-0: Ball 1-0: Called Strike 1-1: Ball 2-1: Swinging Strike 2-2: Strikes out looking
|
|
Batting: RHB Nick Esteves
|
0-0: Reached on error, E8 (Flyball, 8LXD, EV 96.9 MPH)
|
|
Batting: LHB Zack Guillen
|
0-0: Ball 1-0: Called Strike 1-1: Swinging Strike 1-2: Ball 2-2: Strikes out looking
|
|
Batting: SHB Greg Shaw
|
0-0: Ball 1-0: Swinging Strike 1-1: Foul Ball, location: 2F 1-2: Ball 2-2: Strikes out swinging
|
| Bottom of the 2nd over - 0 runs, 0 hits, 1 error, 1 left on base; New York 0 - Boston 0 |
| TOP OF THE 3RD |
|
New York Yankees batting - Pitching for Boston Red Sox : RHP Jeremy Hernandez
|
|
Batting: RHB Larry Martell
|
0-0: Ball 1-0: Swinging Strike 1-1: Called Strike 1-2: Ball 2-2: Strikes out swinging
|
|
Batting: RHB James Boynton
|
0-0: Ball 1-0: Ball 2-0: Ground out 4-3 (Groundball, 4, EV 98.8 MPH)
|
|
Batting: RHB Russ Shambaugh
|
0-0: Called Strike 0-1: Swinging Strike 0-2: Strikes out swinging
|
| Top of the 3rd over - 0 runs, 0 hits, 0 errors, 0 left on base; New York 0 - Boston 0 |
| BOTTOM OF THE 3RD |
|
Boston Red Sox batting - Pitching for New York Yankees : RHP Andres Galindo
|
|
Batting: LHB Tim Fuller
|
0-0: Foul Ball, location: 2F 0-1: Swinging Strike 0-2: Ball 1-2: Strikes out looking
|
|
Batting: RHB Alois Wollf
|
0-0: Ball 1-0: Ball 2-0: Ball 3-0: Base on Balls
|
|
Batting: LHB Shoichi Aso
|
0-0: Ball 1-0: Foul Ball, location: 2F 1-1: Called Strike 1-2: Foul Ball, location: 2F 1-2: SINGLE (Line Drive, 8LS, EV 105.0 MPH) Alois Wollf to second
|
|
Batting: LHB Kevin McCormic Jr.
|
0-0: Ball 1-0: Foul Ball, location: 2F 1-1: Foul Ball, location: 2F 1-2: Ball 2-2: Foul Ball, location: 2F 2-2: Ball 3-2: Fly out, F8 (Flyball, 78M, EV 71.9 MPH)
|
|
Batting: RHB David Price Jr.
|
0-0: Ball 1-0: Ball 2-0: Ball 3-0: Called Strike 3-1: Called Strike 3-2: Foul Ball, location: 2F 3-2: Strikes out swinging
|
| Bottom of the 3rd over - 0 runs, 1 hit, 0 errors, 2 left on base; New York 0 - Boston 0 |
| TOP OF THE 4TH |
|
New York Yankees batting - Pitching for Boston Red Sox : RHP Jeremy Hernandez
|
|
Batting: RHB Henri Cederberg
|
0-0: Ball 1-0: Ball 2-0: Foul Ball, location: 2F 2-1: Called Strike 2-2: Strikes out looking
|
|
Batting: LHB Jim Skare
|
0-0: Ball 1-0: Ball 2-0: Ball 3-0: Called Strike 3-1: Called Strike 3-2: SINGLE (Line Drive, 3D, EV 106.9 MPH)
|
|
Batting: RHB Adriaan Pieters
|
0-0: Called Strike 0-1: Ball 1-1: Fly out, F9 (Flyball, 9LM, EV 109.4 MPH)
|
|
Batting: RHB Shiro Suehiro
|
0-0: Ball 1-0: Ball 2-0: Fly out, F9 (Flyball, 89XD, EV 108.1 MPH)
|
| Top of the 4th over - 0 runs, 1 hit, 0 errors, 1 left on base; New York 0 - Boston 0 |
| BOTTOM OF THE 4TH |
|
Boston Red Sox batting - Pitching for New York Yankees : RHP Andres Galindo
|
|
Batting: LHB Jarrett Mordecai
|
0-0: Foul Ball, location: 2F 0-1: Ball 1-1: Called Strike 1-2: Ball 2-2: Ball 3-2: Strikes out swinging
|
|
Batting: RHB Nick Esteves
|
0-0: SINGLE (Groundball, 56D, EV 95.6 MPH)
|
|
Batting: LHB Zack Guillen
|
0-0: Swinging Strike 0-1: Ball Nick Esteves steals 2nd base (no throw) 1-1: Foul Ball, location: 2F 1-2: Fly out, F8 (Flyball, 8RD, EV 91.9 MPH)
|
|
Batting: SHB Greg Shaw
|
0-0: SINGLE (Line Drive, 7S, EV 105.6 MPH) Nick Esteves to third Runner from 3rd tries for Home, throw by LF and OUT! 7-2
|
| Bottom of the 4th over - 0 runs, 2 hits, 0 errors, 1 left on base; New York 0 - Boston 0 |
| TOP OF THE 5TH |
|
New York Yankees batting - Pitching for Boston Red Sox : RHP Jeremy Hernandez
|
|
Batting: LHB Joel Vera
|
0-0: Ground out 4-3 (Groundball, 4, EV 108.1 MPH)
|
|
Batting: RHB Geni Prawiranega
|
0-0: Foul Ball, location: 2F 0-1: Swinging Strike 0-2: Foul Ball, location: 2F 0-2: Ball 1-2: Foul Ball, location: 2F 1-2: Strikes out swinging
|
|
Batting: RHB Larry Martell
|
0-0: Ball 1-0: Swinging Strike 1-1: Called Strike 1-2: Ball 2-2: Foul Ball, location: 2F 2-2: Ball 3-2: Foul Ball, location: 2F 3-2: Fly out, F6 (Popup, 6M, EV 72.5 MPH)
|
| Top of the 5th over - 0 runs, 0 hits, 0 errors, 0 left on base; New York 0 - Boston 0 |
| BOTTOM OF THE 5TH |
|
Boston Red Sox batting - Pitching for New York Yankees : RHP Andres Galindo
|
|
Batting: LHB Tim Fuller
|
0-0: Ball 1-0: SINGLE (Line Drive, 4D, EV 97.5 MPH)
|
|
Batting: RHB Alois Wollf
|
0-0: Called Strike 0-1: Foul Ball, location: 2F 0-2: Ball Wild Pitch! Tim Fuller to second 1-2: Ball 2-2: SINGLE (Groundball, 6, EV 101.2 MPH) Tim Fuller to third Runner from 3rd tries for Home, SAFE, throw by CF to home
|
|
Batting: LHB Shoichi Aso
|
0-0: Called Strike 0-1: Foul Ball, location: 2F 0-2: Foul Ball, location: 2F 0-2: Foul Ball, location: 2F 0-2: Strikes out swinging Alois Wollf steals 2nd base (no throw) Batter strikes out.
|
|
Batting: LHB Kevin McCormic Jr.
|
0-0: Called Strike 0-1: Foul Ball, location: 2F 0-2: Ground out 3-1 (Groundball, 34S, EV 86.2 MPH) Alois Wollf to third
|
|
Batting: RHB David Price Jr.
|
0-0: 2-RUN HOME RUN (Flyball, 9D, EV 96.9 MPH), Distance : 408 ft
|
|
Batting: LHB Jarrett Mordecai
|
0-0: Ball 1-0: Foul Ball, location: 2F 1-1: Called Strike 1-2: Ball 2-2: Ball 3-2: Foul Ball, location: 2F 3-2: Foul Ball, location: 2F 3-2: Ground out U3 (Groundball, 3, EV 90.0 MPH)
|
| Bottom of the 5th over - 3 runs, 3 hits, 0 errors, 0 left on base; New York 0 - Boston 3 |
| TOP OF THE 6TH |
|
New York Yankees batting - Pitching for Boston Red Sox : RHP Jeremy Hernandez
|
|
Batting: RHB James Boynton
|
0-0: Swinging Strike 0-1: Ball 1-1: Ball 2-1: Foul Ball, location: 2F 2-2: Foul Ball, location: 2F 2-2: SINGLE (Groundball, 34D, EV 95.0 MPH)
|
|
Batting: RHB Russ Shambaugh
|
0-0: Foul Ball, location: 2F 0-1: Foul Ball, location: 2F 0-2: Ball 1-2: Foul Ball, location: 2F 1-2: Strikes out swinging
|
|
Batting: RHB Henri Cederberg
|
0-0: Ball 1-0: Called Strike 1-1: Ground out 6-3 (Groundball, P, EV 82.5 MPH) James Boynton to second
|
|
Batting: LHB Jim Skare
|
0-0: Swinging Strike 0-1: Fly out, F8 (Flyball, 89M, EV 90.6 MPH)
|
| Top of the 6th over - 0 runs, 1 hit, 0 errors, 1 left on base; New York 0 - Boston 3 |
| BOTTOM OF THE 6TH |
|
Boston Red Sox batting - Pitching for New York Yankees : RHP Andres Galindo
|
|
Pitching: RHP Leo Gonzales
|
|
|
Batting: RHB Nick Esteves
|
0-0: Foul Ball, location: 2F 0-1: Swinging Strike 0-2: Strikes out swinging
|
|
Batting: LHB Zack Guillen
|
0-0: Ball 1-0: Ball 2-0: Called Strike 2-1: Ball 3-1: Foul Ball, location: 2F 3-2: Base on Balls
|
|
Batting: SHB Greg Shaw
|
0-0: Called Strike 0-1: Ball 1-1: Fly out, F8 (Flyball, 8LS, EV 95.0 MPH)
|
|
Batting: LHB Tim Fuller
|
0-0: Ball 1-0: Foul Ball, location: 2F 1-1: Swinging Strike 1-2: Ball 2-2: Fly out, F2 (Popup, 23F, EV 91.2 MPH)
|
| Bottom of the 6th over - 0 runs, 0 hits, 0 errors, 1 left on base; New York 0 - Boston 3 |
| TOP OF THE 7TH |
|
New York Yankees batting - Pitching for Boston Red Sox : RHP Jeremy Hernandez
|
|
Batting: RHB Adriaan Pieters
|
0-0: Swinging Strike 0-1: Ball 1-1: Ball 2-1: Ball 3-1: SINGLE (Flyball, 34D, EV 95.0 MPH)
|
|
Batting: RHB Shiro Suehiro
|
0-0: Called Strike 0-1: Called Strike 0-2: Foul Ball, location: 2F 0-2: Ball 1-2: Grounds into double play, 1-6-3 (Groundball, 34S, EV 73.1 MPH)
|
|
Batting: LHB Joel Vera
|
0-0: Ball 1-0: Called Strike 1-1: Ball 2-1: Foul Ball, location: 2F 2-2: Fly out, F8 (Line Drive, 8RM, EV 98.1 MPH)
|
| Top of the 7th over - 0 runs, 1 hit, 0 errors, 0 left on base; New York 0 - Boston 3 |
| BOTTOM OF THE 7TH |
|
Boston Red Sox batting - Pitching for New York Yankees : RHP Leo Gonzales
|
|
Batting: RHB Alois Wollf
|
0-0: Called Strike 0-1: Swinging Strike 0-2: Ball 1-2: Ball 2-2: Strikes out swinging
|
|
Batting: LHB Shoichi Aso
|
0-0: Ball 1-0: Ball 2-0: Called Strike 2-1: Fly out, F8 (Line Drive, 8LD, EV 86.2 MPH)
|
|
Batting: LHB Kevin McCormic Jr.
|
0-0: Ball 1-0: Called Strike 1-1: Foul Ball, location: 2F 1-2: Foul Ball, location: 2F 1-2: Foul Ball, location: 2F 1-2: SOLO HOME RUN (Flyball, 7D, EV 99.4 MPH), Distance : 386 ft
|
|
Batting: RHB David Price Jr.
|
0-0: Ball 1-0: SINGLE (Groundball, 34S, EV 67.5 MPH) (infield hit)
|
|
Batting: LHB Jarrett Mordecai
|
Pickoff Throw to First - Out! 1-3
|
| Bottom of the 7th over - 1 run, 2 hits, 0 errors, 0 left on base; New York 0 - Boston 4 |
| TOP OF THE 8TH |
|
New York Yankees batting - Pitching for Boston Red Sox : RHP Jeremy Hernandez
|
|
Pitching: RHP Jaime Dunning
|
|
|
Now at 1B: Kevin McCormic Jr.
|
|
|
Now in LF: Jose Diaz
|
|
|
Batting: RHB Geni Prawiranega
|
0-0: Foul Ball, location: 2F 0-1: Ball 1-1: Ball 2-1: Swinging Strike 2-2: DOUBLE (Line Drive, 7LD, EV 100.0 MPH)
|
|
Batting: RHB Larry Martell
|
0-0: Foul Ball, location: 2F 0-1: Ball 1-1: Ball 2-1: SINGLE (Flyball, 8LS, EV 91.9 MPH) Geni Prawiranega to third
|
|
Batting: RHB James Boynton
|
0-0: Ball 1-0: Ball 2-0: Foul Ball, location: 2F 2-1: Called Strike 2-2: Fly out, F7 (Flyball, 7D, EV 105.0 MPH) Runner from 3rd tags up, SCORES, no throw by LF
|
|
Batting: RHB Russ Shambaugh
|
0-0: Ball 1-0: Ball 2-0: Ball 3-0: Called Strike 3-1: Base on Balls Larry Martell to second
|
|
Batting: RHB Henri Cederberg
|
0-0: Called Strike 0-1: Called Strike 0-2: Strikes out looking
|
|
Batting: LHB Jim Skare
|
0-0: Called Strike 0-1: Ball 1-1: Ball 2-1: DOUBLE (Line Drive, 9LD, EV 111.2 MPH) Larry Martell scores Russ Shambaugh to third Runner from 3rd tries for Home, SAFE, throw by RF to home
|
|
Batting: RHB Adriaan Pieters
|
0-0: Called Strike 0-1: Ball 1-1: Swinging Strike 1-2: Strikes out swinging
|
| Top of the 8th over - 3 runs, 3 hits, 0 errors, 1 left on base; New York 3 - Boston 4 |
| BOTTOM OF THE 8TH |
|
Boston Red Sox batting - Pitching for New York Yankees : RHP Leo Gonzales
|
|
Pitching: LHP Robert Cruz
|
|
|
Batting: RHB Jose Diaz
|
0-0: Ball 1-0: Ball 2-0: Ball 3-0: Called Strike 3-1: Called Strike 3-2: Strikes out swinging, 2-3 out at first.
|
|
Batting: RHB Nick Esteves
|
0-0: Called Strike 0-1: Fly out, F7 (Flyball, 78S, EV 74.4 MPH)
|
|
Batting: RHB Josh Froyd
|
0-0: Ball 1-0: Ball 2-0: Foul Ball, location: 2F 2-1: SINGLE (Groundball, 4S, EV 67.5 MPH) (infield hit)
|
|
Batting: SHB Greg Shaw
|
0-0: Called Strike Josh Froyd steals 2nd base 0-1: Swinging Strike 0-2: Ball 1-2: Strikes out swinging
|
| Bottom of the 8th over - 0 runs, 1 hit, 0 errors, 1 left on base; New York 3 - Boston 4 |
| TOP OF THE 9TH |
|
New York Yankees batting - Pitching for Boston Red Sox : RHP Jaime Dunning
|
|
Pitching: RHP Guadalupe Vasguez
|
|
|
Batting: RHB Shiro Suehiro
|
0-0: Ball 1-0: Ball 2-0: Swinging Strike 2-1: Ground out 4-3 (Groundball, 4, EV 103.8 MPH)
|
|
Batting: LHB Joel Vera
|
0-0: Ball 1-0: SINGLE (Line Drive, 6D, EV 95.0 MPH)
|
|
Pinch Hitting: LHB Jordan de Jesus
|
0-0: SINGLE (Line Drive, 56D, EV 106.2 MPH) Joel Vera to second
|
|
Pinch Hitting: SHB Victor Ruiz
|
0-0: Hit by Pitch Joel Vera to third Jordan de Jesus to second
|
|
Batting: RHB James Boynton
|
0-0: Fly out, F8 (Flyball, 8LXD, EV 105.6 MPH) Runner from 3rd tags up, SCORES, no throw by CF Jordan de Jesus to third
|
|
Batting: RHB Russ Shambaugh
|
0-0: Ball 1-0: Called Strike 1-1: Called Strike 1-2: Ball 2-2: Foul Ball, location: 2F 2-2: Strikes out swinging
|
| Top of the 9th over - 1 run, 2 hits, 0 errors, 2 left on base; New York 4 - Boston 4 |
| BOTTOM OF THE 9TH |
|
Boston Red Sox batting - Pitching for New York Yankees : LHP Robert Cruz
|
|
Pitching: RHP Isaias Chavez
|
|
|
Now at C: Mike Gifford
|
|
|
Now at SS: Jordan de Jesus
|
|
|
Now in LF: Henri Cederberg
|
|
|
Batting: LHB Tim Fuller
|
0-0: Swinging Strike 0-1: Ball 1-1: Ball 2-1: Ball 3-1: Fly out, F7 (Flyball, 7LM, EV 88.8 MPH)
|
|
Batting: RHB Alois Wollf
|
0-0: Called Strike 0-1: Swinging Strike 0-2: Ball 1-2: Ball 2-2: Strikes out swinging
|
|
Batting: LHB Shoichi Aso
|
0-0: Ball 1-0: Called Strike 1-1: Ball 2-1: Ball 3-1: Fly out, F9 (Flyball, 9, EV 92.5 MPH)
|
| Bottom of the 9th over - 0 runs, 0 hits, 0 errors, 0 left on base; New York 4 - Boston 4 |
| TOP OF THE 10TH |
|
New York Yankees batting - Pitching for Boston Red Sox : RHP Guadalupe Vasguez
|
|
Batting: RHB Henri Cederberg
|
0-0: Ball 1-0: Foul Ball, location: 2F 1-1: Foul Ball, location: 2F 1-2: Ball 2-2: Ground out 6-3 (Groundball, 6, EV 105.0 MPH)
|
|
Batting: LHB Jim Skare
|
0-0: Ball 1-0: Foul Ball, location: 2F 1-1: Called Strike 1-2: Foul Ball, location: 2F 1-2: Ball 2-2: Ball 3-2: Foul Ball, location: 2F 3-2: Foul Ball, location: 2F 3-2: Foul Ball, location: 2F 3-2: Foul Ball, location: 2F 3-2: Base on Balls
|
|
Pitching: LHP Danny Schneible
|
|
|
Batting: RHB Adriaan Pieters
|
0-0: Called Strike 0-1: Ball 1-1: Ball 2-1: Swinging Strike 2-2: Foul Ball, location: 2F 2-2: Fly out, F8 (Line Drive, 8LD, EV 89.4 MPH)
|
|
Batting: RHB Shiro Suehiro
|
Pickoff Throw to First - Out! 1-3
|
| Top of the 10th over - 0 runs, 0 hits, 0 errors, 0 left on base; New York 4 - Boston 4 |
| BOTTOM OF THE 10TH |
|
Boston Red Sox batting - Pitching for New York Yankees : RHP Isaias Chavez
|
|
Batting: LHB Kevin McCormic Jr.
|
0-0: Ball 1-0: Foul Ball, location: 2F 1-1: Called Strike 1-2: Ball 2-2: Ball 3-2: Strikes out swinging
|
|
Batting: RHB David Price Jr.
|
0-0: Called Strike 0-1: Ground out 6-3 (Groundball, 6MD, EV 103.1 MPH)
|
|
Pinch Hitting: SHB Marvin Lawrence
|
0-0: Called Strike 0-1: Ball 1-1: Swinging Strike 1-2: Foul Ball, location: 2F 1-2: Foul Ball, location: 2F 1-2: SINGLE (Line Drive, 6MD, EV 97.5 MPH)
|
|
Batting: RHB Nick Esteves
|
0-0: SINGLE (Line Drive, 8LS, EV 96.9 MPH) Marvin Lawrence to second
|
|
Batting: RHB Josh Froyd
|
0-0: Foul Ball, location: 2F 0-1: Ball 1-1: Swinging Strike 1-2: Strikes out swinging
|
| Bottom of the 10th over - 0 runs, 2 hits, 0 errors, 2 left on base; New York 4 - Boston 4 |
| TOP OF THE 11TH |
|
New York Yankees batting - Pitching for Boston Red Sox : LHP Danny Schneible
|
|
Now in LF: Marvin Lawrence
|
|
|
Batting: RHB Shiro Suehiro
|
0-0: Ball 1-0: Fly out, F9 (Flyball, 89M, EV 86.9 MPH)
|
|
Batting: LHB Joel Vera
|
0-0: Called Strike 0-1: Ground out 5-3 (Groundball, 15, EV 85.0 MPH)
|
|
Batting: LHB Jordan de Jesus
|
0-0: Ball 1-0: Ground out 5-3 (Groundball, 56, EV 99.4 MPH)
|
| Top of the 11th over - 0 runs, 0 hits, 0 errors, 0 left on base; New York 4 - Boston 4 |
| BOTTOM OF THE 11TH |
|
Boston Red Sox batting - Pitching for New York Yankees : RHP Isaias Chavez
|
|
Batting: SHB Greg Shaw
|
0-0: Ball 1-0: Called Strike 1-1: Called Strike 1-2: Ground out 4-3 (Groundball, 4M, EV 106.9 MPH)
|
|
Batting: LHB Tim Fuller
|
0-0: Ground out U3 (Groundball, 3S, EV 85.6 MPH)
|
|
Batting: RHB Alois Wollf
|
0-0: Called Strike 0-1: Called Strike 0-2: Foul Ball, location: 2F 0-2: Ball 1-2: Ball 2-2: Foul Ball, location: 2F 2-2: Ball 3-2: Strikes out swinging
|
| Bottom of the 11th over - 0 runs, 0 hits, 0 errors, 0 left on base; New York 4 - Boston 4 |
| TOP OF THE 12TH |
|
New York Yankees batting - Pitching for Boston Red Sox : LHP Danny Schneible
|
|
Batting: RHB Mike Gifford
|
0-0: Ground out 6-3 (Groundball, 56D, EV 106.2 MPH)
|
|
Batting: RHB James Boynton
|
0-0: Called Strike 0-1: Ball 1-1: Ball 2-1: Ball 3-1: Called Strike 3-2: Foul Ball, location: 2F 3-2: Ground out 5-3 (Groundball, 56, EV 76.9 MPH)
|
|
Batting: RHB Russ Shambaugh
|
0-0: Ground out 6-3 (Groundball, 6D, EV 88.1 MPH)
|
| Top of the 12th over - 0 runs, 0 hits, 0 errors, 0 left on base; New York 4 - Boston 4 |
| BOTTOM OF THE 12TH |
|
Boston Red Sox batting - Pitching for New York Yankees : RHP Isaias Chavez
|
|
Pitching: RHP Chad Curry
|
|
|
Batting: LHB Shoichi Aso
|
0-0: Hit by Pitch
|
|
Batting: LHB Kevin McCormic Jr.
|
0-0: Called Strike 0-1: Foul Ball, location: 2F 0-2: Ball 1-2: SINGLE (Line Drive, 78S, EV 100.0 MPH) Shoichi Aso to second
|
|
Batting: RHB David Price Jr.
|
0-0: Called Strike 0-1: Called Strike 0-2: Ball 1-2: Fly out, F8 (Flyball, 78D, EV 97.5 MPH) Runner from 2nd tags up, SAFE at 3rd with throw by CF
|
|
Batting: SHB Marvin Lawrence
|
0-0: Ball 1-0: Called Strike 1-1: Swinging Strike 1-2: Fly out, F7 (Flyball, 78S, EV 93.1 MPH) Runner from 3rd tags up, SCORES, throw by LF
|
| Bottom of the 12th over - 1 run, 1 hit, 0 errors, 1 left on base; New York 4 - Boston 5 |
|